 Dungeon Crawl Stone Soup version 0.31-a0-524-g2a164cf6a2 (webtiles) character file.

Game seed: 18290008649946540277

571 Cuckquean the Changeling (level 7, -23/43 HPs)
             Began as an Octopode Shapeshifter on Aug 12, 2023.
             Annihilated by an ogre
             ... wielding a +0 giant club
              (27 damage)
             ... on level 6 of the Dungeon.
             The game lasted 00:04:39 (3524 turns).

Cuckquean the Changeling (Octopode Shapeshifter)    Turns: 3524, Time: 00:04:40

Health: -23/43     AC:  5    Str: 16    XL:     7   Next: 34%
Magic:  7/7        EV: 12    Int: 11    God:
Gold:   248        SH:  8    Dex: 12    Spells: 6/6 levels left

rFire   . .          .
                       - Unarmed
rCold   . . .        j - +0 buckler
rNeg    . . .        (helmet currently unavailable)
rPois   .            p - amulet of reflection
rElec   .            m - +4 ring of protection
rCorr   .            (no ring)
SInv    .            (no ring)
Will    .....        (no ring)
Stlth   ++           (no ring)
HPRegen 0.27/turn    (no ring)
MPRegen 0.10/turn    (no ring)
                     (no ring)

%: reflection
@: beast-form
A: beast (slay +4), almost no armour, amphibious, 8 rings, camouflage 1,
gelatinous body 1, (nimble swimmer 1), tentacles
a: Begin Untransformation


You were on level 6 of the Dungeon.
You were a hulking beast.
You visited 1 branch of the dungeon, and saw 5 of its levels.

You collected 248 gold pieces.

Inventory:

Armour
 j - a +0 buckler (worn)
Jewellery
 m - a +4 ring of protection (left tentacle)
 p - an amulet of reflection (around mantle)
Talismans
 b - a beast talisman (active)
 c - a flux talisman
Wands
 k - a wand of paralysis (10)
Scrolls
 d - 3 scrolls of enchant weapon {unknown}
 e - 5 scrolls of identify {unknown}
 g - a scroll of fog {unknown}
 h - 2 scrolls of enchant armour {unknown}
 n - a scroll of butterflies {unknown}
 q - a scroll of vulnerability {unknown}
 r - a scroll of noise {unknown}
 s - a scroll of silence {unknown}
 t - a scroll of amnesia {unknown}
Potions
 a - 3 potions of lignification
 f - 4 potions of curing {unknown}
 i - a potion of heal wounds {unknown}
 l - a potion of might {unknown}
 o - a potion of haste {unknown}


   Skills:
 - Level 1.0 Fighting
 - Level 2.0 Dodging
 - Level 3.0 Unarmed Combat
 * Level 7.1 Shapeshifting


You had 6 spell levels left.
You didn't know any spells.
Your spell library was empty.

Dungeon Overview and Level Annotations

Branches:
Dungeon (4/15)
 Temple: D:4-7

Altars:
Fedhas
Kikubaaqudgha
Qazlal
Zin

Annotations:
D:2 Natasha


Innate Abilities, Weirdness & Mutations

You are a hulking beast.
Your limbs bulge with bestial killing power. (Slay +4)
You cannot wear most types of armour.
You are amphibious.
You can wear up to eight rings at the same time.
Your skin changes colour to match your surroundings (Stealth+).
Your rubbery body absorbs attacks. (AC +1, EV +1)
((You are camouflaged when in or above water. (Stealth+)))
You have tentacles for arms and can constrict up to eight enemies at once.


Message History

You tentacle-slap the iguana.
You kill the iguana!
No target in view!
No target in view!
An ogre comes into view. It is wielding a +0 giant club.
You see here a purple potion.
An ogre is nearby!
An ogre is nearby!
An ogre is nearby!
An ogre is nearby!
The ogre barely misses you.
You tentacle-slap the ogre.
The ogre is moderately wounded.
You completely miss the ogre.
The ogre is moderately wounded.
The ogre hits you with a +0 giant club!
You tentacle-slap the ogre. You squeeze the ogre.
The ogre is heavily wounded.
You tentacle-slap the ogre but do no damage.
The ogre is heavily wounded.
The ogre closely misses you.
You tentacle-slap the ogre. x2
The ogre is severely wounded.
The ogre hits you with a +0 giant club!!
Ouch! That really hurt!
* * * LOW HITPOINT WARNING * * *
You are too injured to fight recklessly!
You are too injured to fight recklessly!
The ogre attacks as you move away! The ogre completely misses you.
You see here a purple potion.
There is an open door here.
You tentacle-slap the ogre.
The ogre is heavily wounded.
The ogre hits you with a +0 giant club!
* * * LOW HITPOINT WARNING * * *
You barely miss the ogre.
The ogre is heavily wounded.
The ogre hits you with a +0 giant club!!
Ouch! That really hurt!
You die...

#........# #........#
#.......# #........#
#.......# #........#
#.......# ##........#
#.......# ..........#
......#
..........#####.....#
..............#.....#
..............'Oh...#
..............#######
..##+#####.........
..# #......... ..#
#.......... .O#
#.......... ..#
'!.........
..#'######..........
#...O.......###+#..


You could see an ogre.

Vanquished Creatures
  A sky beast (D:3)
  2 scorpions (D:4)
  A hound (D:4)
  Crazy Yiuf (D:2)
  A sleepcap (D:4)
  Natasha (twice) (D:2)
  An iguana (D:6)
  Robin (D:3)
  A gnoll (D:3)
  4 adders (D:2)
  2 worms
  6 dart slugs
  An orc (D:4)
  7 ball pythons
  6 endoplasms
  3 giant cockroaches
  18 goblins
  15 hobgoblins
  15 jackals
  10 kobolds
  2 quokkas
  7 bats
  3 frilled lizards
  5 rats
115 creatures vanquished.

Notes
Turn   | Place    | Note
-------+----------+-------------------------------------------
     0 | D:1      | Cuckquean the Octopode Shapeshifter began the quest for the
                  | Orb.
     0 | D:1      | Reached XP level 1. HP: 13/13 MP: 1/1
    24 | D:1      | Reached XP level 2. HP: 4/18 MP: 2/2
   287 | D:1      | Reached XP level 3. HP: 23/23 MP: 3/3
   445 | D:1      | Reached skill level 4 in Shapeshifting
   911 | D:2      | Noticed Natasha
   916 | D:2      | Killed Natasha
   917 | D:2      | Reached XP level 4. HP: 17/28 MP: 4/4
   929 | D:2      | Noticed Natasha
   934 | D:2      | Killed Natasha
  1081 | D:2      | Noticed Natasha
  1115 | D:2      | Found a glowing silver altar of Zin.
  1268 | D:2      | Reached XP level 5. HP: 32/33 MP: 5/5
  1287 | D:2      | Reached skill level 5 in Shapeshifting
  1847 | D:2      | Found a runed translucent door.
  1848 | D:2      | Identified the +7 hammer "Jigap" {elec, Int+7 Stlth-}
  1848 | D:2      | Noticed Crazy Yiuf
  1854 | D:2      | Killed Crazy Yiuf
  2250 | D:3      | Noticed a sky beast
  2274 | D:3      | Killed a sky beast
  2275 | D:3      | Reached skill level 6 in Shapeshifting
  2275 | D:3      | Reached XP level 6. HP: 29/38 MP: 6/6
  2328 | D:3      | Noticed Robin
  2330 | D:3      | Killed Robin
  2655 | D:3      | Found a stormy altar of Qazlal.
  3200 | D:4      | Reached XP level 7. HP: 43/43 MP: 7/7
  3272 | D:4      | Reached skill level 7 in Shapeshifting
  3393 | D:4      | Found an ancient bone altar of Kikubaaqudgha.
  3421 | D:4      | Found a blossoming altar of Fedhas.
  3432 | D:4      | You fall into a shaft and drop 2 floors!
  3524 | D:6      | Annihilated by an ogre

Illustrated notes

Levels and vault maps discovered:
D:1:      dpeg_arrival_rooms_with_view, layout_loops_cross
D:2:      layout_basic, basic_altar, st_stairs_3, dk_vineyard_2, uniq_natasha,
          uniq_crazy_yiuf_cottage
D:3:      wad_river_or_something, layout_basic, mainiacjoe_overflow_alcove_4,
          serial_curves, eino_curves_02, eino_curves_03, eino_curves_01,
          eino_curves_04, uniq_robin
D:4:      old_forge, layout_rooms, grunt_temple_overflow_growth_and_decay,
          amcnicky_mini_pool_small, nicolae_the_louvre
D:6:      layout_gridville, minmay_temple_entry_overgrown, st_stairs_11

Skill      XL: |  1  2  3  4  5  6  7 |
---------------+----------------------+-----
Shapeshifting  | 4 6 7 |  7.1
Fighting       | |  1.0
Dodging        | |  2.0
Unarmed Combat | |  3.0

Action                     |  1- 3 |  4- 6 |  7- 9 || total
---------------------------+-------+-------+-------++-------
  Melee: Unarmed           |    74 |   141 |    28 ||   243
         Constrict         |    21 |    33 |     5 ||    59
         Tentacles         |    16 |    26 |     6 ||    48
         Punch             |     1 |     4 |     2 ||     7
   Stab: Sleeping          |     5 |    12 |       ||    17
         Distracted        |       |     3 |       ||     3
 Armour: Skin              |     4 |    23 |     2 ||    29
  Dodge: Dodged            |    40 |    63 |     9 ||   112
  Block: Buckler           |       |    39 |     7 ||    46

Table legend: (Time is in decaauts)
 A = Elapsed time spent in this place.
 B = Non-inter-level travel time spent in this place.
 C = Inter-level travel time spent in this place.
 D = Time resting spent in this place.
 E = Time spent auto-exploring this place.
 F = Levels seen in this place.
 G = Mean time per level.
                   A        B        C        D        E       F      G
               +--------+--------+--------+--------+--------+-----+--------+
         Total |   3528 |   3449 |     79 |      0 |   2722 |   5 |  705.6 |
       Dungeon |   3528 |   3449 |     79 |      0 |   2722 |   5 |  705.6 |
               +--------+--------+--------+--------+--------+-----+--------+

Top non-repeatable levels by time:
     D:3: 1128 daAuts
     D:2: 1032 daAuts
     D:1: 900 daAuts
     D:4: 375 daAuts
     D:6: 91 daAuts
